 Dungeon Crawl Stone Soup version 0.26.1-11-gd32895ea62 (webtiles) character file.

Game seed: 10434235723956789110

182 sankara the Conjurer (level 5, -8/38 HPs)
             Began as a Draconian Conjurer on May 23, 2021.
             Mangled by Duvessa
             ... wielding a +4 short sword of electrocution
              (12 damage)
             ... on level 4 of the Dungeon.
             The game lasted 00:13:23 (3321 turns).

sankara the Conjurer (Draconian Conjurer)           Turns: 3321, Time: 00:13:23

Health: -8/38      AC:  5    Str:  9    XL:     5   Next: 35%
Magic:  2/10       EV: 12    Int: 19    God:
Gold:   190        SH:  0    Dex: 10    Spells: 5/11 levels left

rFire    . . .     SeeInvis .   a - +0 dagger
rCold    . . .     Faith    .   (no shield)
rNeg     . . .     Spirit   .   (armour unavailable)
rPois    .         Reflect  .   (helmet restricted)
rElec    .         Harm     .   (no cloak)
rCorr    .         Rampage  .   (no gloves)
Will     .....                  (no boots)
Stlth    +.........             m - amulet of the acrobat
HPRegen  0.12/turn              r - ring of attention (curse)
MPRegen  0.12/turn              (no ring)

@: no status effects
A: unfitting armour, cold-blooded, AC +5
a: no special abilities


You were on level 4 of the Dungeon.
You visited 2 branches of the dungeon, and saw 5 of its levels.

You collected 190 gold pieces.

Inventory:

Hand Weapons
 a - a +0 dagger (weapon)
 j - a +0 hunting sling
Missiles
 e - 57 stones
 i - 25 sling bullets
 n - 14 poisoned darts
 s - 6 atropa-tipped darts
Jewellery
 b - an uncursed ring of fire
 m - an amulet of the acrobat (around neck)
 r - a cursed ring of attention (left hand)
Scrolls
 d - a scroll of amnesia
 f - 2 scrolls of teleportation
 k - 2 scrolls of identify
 q - a scroll of magic mapping
Potions
 g - a potion of attraction {unknown}
 h - a potion of heal wounds {unknown}
 l - a potion of cancellation {unknown}
 o - a potion of resistance {unknown}
 p - a potion of ambrosia {unknown}


   Skills:
 - Level 1.7 Dodging
 - Level 1.7 Stealth
 + Level 3.7 Spellcasting
 + Level 5.4 Conjurations
 + Level 1.0 Hexes


You had 5 spell levels left.
You knew the following spells:

 Your Spells              Type           Power        Failure   Level
a - Magic Dart            Conj           96%          1%          1
b - Searing Ray           Conj           48%          2%          2
c - Dazzling Flash        Conj/Hex       30%          11%         3

Your spell library contained the following spells:

 Spells                   Type           Power        Failure   Level
 Fulminant Prism          Conj/Hex       7%           36%         4
 Iskenderun's Mystic Bla  Conj/Tloc      13%          43%         4


Dungeon Overview and Level Annotations

Branches:
Dungeon (4/15)             Temple (1/1) D:4

Altars:
Ashenzari
Cheibriados
Dithmenos
Elyvilon
Fedhas
Gozag
Hepliaklqana
Makhleb
Qazlal
Ru
Trog
Uskayaw
Wu Jian
Xom
Yredelemnul
Zin
The Shining One

Annotations:
D:4 Dowan, Duvessa


Innate Abilities, Weirdness & Mutations

Your plain brown scales are hard. (AC +5)
You cannot fit into any form of body armour.
You are cold-blooded and may be slowed by cold attacks.


Message History

An adder comes into view.
Duvessa says, "When magic and the sword combine, nothing stands against them."
Duvessa hits you with a +4 short sword of electrocution!
Duvessa hits you with a +4 short sword of electrocution.
Unknown command.
You aren't carrying any items that you can evoke.
You see here an orc corpse.
Casting: Searing Ray (safe; 2% risk of failure)
Confirm with . or Enter, or press ? or * to list all spells.
The adder is dazzled.
The adder bites you.
You are poisoned.
The adder poisons you!
Duvessa hits you with a +4 short sword of electrocution.
You are electrocuted!
* * * LOW HITPOINT WARNING * * *
You feel better. The adder bites you but does no damage.
Duvessa hits you with a +4 short sword of electrocution!
* * * LOW HITPOINT WARNING * * *
You are electrocuted!
You die...

.................#.#
.......>....#.8.#..####
♣.♣.............>....##
......##.#....#.....#
♣.....#..#.........##
........##......### .#.
##..#..## #...#### .
#.@#.## .♣.. #eS#..#
.....#####.....#
♣.......†....##
......#.).#.### .....
#.)#### .... #... #..
#.... #. ##....


You could see Duvessa and an adder (blind).

Vanquished Creatures
  2 worker ants (D:4)
  2 adders (D:2)
  4 gnolls (D:2)
  An ufetubus (D:3)
  An ooze (D:2)
  3 worms (D:2)
  2 leopard geckos
  3 orcs (D:4)
  A ball python (D:1)
  2 giant cockroaches (D:2)
  7 goblins
  4 hobgoblins
  10 kobolds
  7 bats
  3 frilled lizards (D:1)
  11 rats
63 creatures vanquished.

Vanquished Creatures (others)
  7 plants (D:4)
7 creatures vanquished.

Grand Total: 70 creatures vanquished

Notes
Turn   | Place    | Note
-------+----------+-------------------------------------------
     0 | D:1      | sankara the Draconian Conjurer began the quest for the Orb.
     0 | D:1      | Reached XP level 1. HP: 14/14 MP: 3/3
   209 | D:1      | Reached XP level 2. HP: 20/20 MP: 1/5
   448 | D:1      | Learned a level 2 spell: Searing Ray
   918 | D:2      | Reached XP level 3. HP: 26/26 MP: 1/7
  1695 | D:2      | Reached XP level 4. HP: 33/33 MP: 0/8
  1800 | D:2      | Reached skill level 5 in Conjurations
  1958 | D:2      | Learned a level 3 spell: Dazzling Flash
  2447 | D:3      | Found a glowing golden altar of the Shining One.
  2582 | D:3      | Found an ornate altar of the Wu Jian Council.
  2585 | D:3      | Found a white marble altar of Elyvilon.
  2585 | D:3      | Found a basalt altar of Yredelemnul.
  2763 | D:4      | Reached XP level 5. HP: 38/38 MP: 1/10
  2841 | D:4      | Found a staircase to the Ecumenical Temple.
  2847 | D:4      | Reached skill level 1 in Hexes
  2856 | Temple   | Entered the Ecumenical Temple
  3307 | D:4      | Noticed Duvessa
  3308 | D:4      | Noticed Dowan
  3321 | D:4      | Mangled by Duvessa

Illustrated notes

Levels and vault maps discovered:
D:1:      heliophobic_arrival_ceremonial_halls, layout_rooms,
          due_unseen_surprise
D:2:      layout_loops_cross
D:3:      layout_loops_ring, old_standard_altar, grunt_temple_overflow_open
D:4:      layout_cave_pools, minmay_temple_entry_statues_pillars, serial_forest,
          infiniplex_forest_lined_4_way, infiniplex_forest_clump_curved,
          infiniplex_forest_lined_2, infiniplex_forest_clump_diagonal,
          infiniplex_forest_straight_2, infiniplex_forest_lined_corner,
          infiniplex_forest_straight_2, infiniplex_forest_clump_C, uniq_duvessa
Temple:   oiseaux_autumnal_temple

Skill      XL: |  1  2  3  4  5 |
---------------+----------------+-----
Spellcasting   | 3 |  3.7
Conjurations   | 5 |  5.4
Hexes          | 1 |  1.0
Dodging        | |  1.7
Stealth        | |  1.7

Action                   |  1- 3 |  4- 6 || total
-------------------------+-------+-------++-------
Melee: Dagger            |     7 |       ||     7
 Cast: Magic Dart        |    73 |    20 ||    93
       Searing Ray       |     5 |    15 ||    20
       Dazzling Flash    |       |     1 ||     1
  Use: Scroll            |       |     6 ||     6
       Potion            |       |     1 ||     1
 Stab: Sleeping          |     1 |       ||     1
Armor: Skin              |     3 |     1 ||     4
Dodge: Dodged            |    13 |    11 ||    24
